 Dungeon Crawl Stone Soup version 0.23.1-41-g7e51ed3 (webtiles) character file.

Game seed: 11637150016746500870

2795 sagitran the Cleaver (level 10, -7/74 HPs)
             Began as a Human Wanderer on Mar 29, 2019.
             Was a Plaything of Xom.
             Mangled by an orc warrior
             ... wielding a +0 dire flail
              (16 damage)
             ... on level 8 of the Dungeon.
             The game lasted 00:39:15 (5031 turns).

sagitran the Cleaver (Human Wanderer)               Turns: 5031, Time: 00:39:17

Health: -7/74      AC: -6    Str: 17    XL:     10   Next: 2%
Magic:  10/10      EV:  4    Int: 14    God:    Xom [*.....]
Gold:   356        SH: 13    Dex: 14    Spells: 9/9 levels left

rFire    . . .     SeeInvis .   u - +4 hand axe (freeze)
rCold    . . .     Gourm    .   H - +0 large shield
rNeg     . . .     Faith    .   x - +0 chain mail "Jifeib" {Str+4}
rPois    +         Spirit   .   (helmet restricted)
rElec    .         Reflect  .   w - +1 cloak {rPois}
rCorr    +         Harm     .   A - +2 pair of gloves
MR       .....                  q - +0 pair of boots
Stlth    ..........             C - amulet of regeneration
HPRegen  0.62/turn              t - ring of resist corrosion
MPRegen  0.12/turn              K - +4 ring of protection

@: corroded
A: horns 1, blurry vision 1, screaming 1
a: Renounce Religion


You were on level 8 of the Dungeon.
You worshipped Xom.
You were a special plaything of Xom.
You were not hungry.

You visited 2 branches of the dungeon, and saw 11 of its levels.

You collected 512 gold pieces.
You spent 156 gold pieces at shops.

Inventory:

Hand Weapons
 a - a +3 hand axe
 r - a +3 quarterstaff of chaos
 u - a +4 hand axe of freezing (weapon)
 z - a +1 mace of protection
 L - a +4 dagger of chaos
Missiles
 o - 4 tomahawks (quivered)
Armour
 b - a +0 ring mail
 c - a +0 helmet
 q - a +0 pair of boots (worn)
 w - a +1 cloak of poison resistance (worn)
 x - the +0 chain mail "Jifeib" (worn) {Str+4}
   (You found it on level 4 of the Dungeon)

   It affects your strength (+4).
 A - a +2 pair of gloves (worn)
 D - a +2 leather armour of fire resistance
 F - a +1 cloak
 H - a +0 large shield (worn)
Magical Staves
 B - an uncursed staff of cold
Jewellery
 h - an uncursed amulet of guardian spirit
 p - an uncursed ring of protection from cold
 t - a ring of resist corrosion (left hand)
 C - an amulet of regeneration (around neck)
 K - a +4 ring of protection (right hand)
Wands
 i - a wand of iceblast (8)
 y - a wand of acid (11)
 E - a wand of paralysis (17)
 M - a wand of flame (16)
Scrolls
 e - a scroll of fog
 f - 3 scrolls of immolation
 j - 3 scrolls of blinking
 n - a scroll of remove curse
 G - 2 scrolls of fear
 I - a scroll of amnesia
Potions
 g - 3 potions of brilliance
 k - 2 potions of flight
 m - 3 potions of curing
 v - 3 potions of heal wounds
Miscellaneous
 s - a fan of gales
 N - a phial of floods
Comestibles
 d - 5 rations
 l - 4 chunks of flesh


   Skills:
 + Level 5.5 Fighting
 + Level 0.4 Short Blades
 + Level 10.3 Axes
 + Level 1.0 Throwing
 + Level 6.3 Armour
 + Level 2.7 Dodging
 + Level 2.2 Stealth
 + Level 2.7 Shields


You had 9 spell levels left.
You didn't know any spells.
Your spell library contained the following spells:

 Spells                   Type           Power        Failure   Level  Hunger
 Magic Dart               Conj           #...         100%        1    ##.....
 Blink                    Tloc           N/A          100%        2    ###....
 Call Imp                 Summ           #.......     100%        2    ###....
 Searing Ray              Conj           #.....       100%        2    ###....
 Slow                     Hex            #.......     100%        2    ###....
 Conjure Flame            Conj/Fire      #.......     100%        3    ####...
 Dazzling Spray           Conj/Hex       #.....       100%        3    ####...
 Mephitic Cloud           Conj/Pois/Air  #.......     100%        3    ####...
 Force Lance              Conj/Tloc      #.......     100%        4    #####..
 Fulminant Prism          Conj/Hex       #.........   100%        4    #####..
 Iskenderun's Mystic Bla  Conj           #.......     100%        4    #####..


Dungeon Overview and Level Annotations

Branches:
Dungeon (10/15)            Temple (1/1) D:6
   Lair: D:8-11         Orc: D:9-12

Altars:
Ashenzari
Cheibriados
Dithmenos
Elyvilon
Fedhas
Gozag
Hepliaklqana
Kikubaaqudgha
Makhleb
Okawaru
Qazlal
Ru
Sif Muna
Trog
Uskayaw
Vehumet
Wu Jian
Xom
Yredelemnul
Zin
The Shining One

Shops:
D:4 (


Innate Abilities, Weirdness & Mutations

You have a pair of small horns on your head.
Scrolls take you a little longer to read.
You occasionally shout uncontrollably at your foes.


Message History

The orc warrior hits you with a +0 dire flail!
* * * LOW HITPOINT WARNING * * *
You feel much better. You block the rust devil's attack.
The rust devil barely misses you. You block the orc warrior's attack.
You hit the rust devil but do no damage.
You hit the orc warrior but do no damage.
You hit the rust devil but do no damage.
The rust devil hits you! The rust devil corrodes you!
You block the rust devil's attack.
The orc warrior hits you with a +0 dire flail.
* * * LOW HITPOINT WARNING * * *
You hit the rust devil but do no damage.
You closely miss the rust devil.
You hit the orc warrior but do no damage.
The rust devil hits you!
* * * LOW HITPOINT WARNING * * *
You block the rust devil's attack.
The orc warrior hits you with a +0 dire flail!
You die...
Xom chortles!

### #
#)#+#)#
#♣@....♣#
##o44[...#
#>...8...∩#
##.......##
#♣.....♣#
#)#+#)# ###
##


You could see 2 rust devils and an orc warrior.

Vanquished Creatures
  Psyche (D:9)
  2 wyverns
  An ice beast (D:5)
  An eye of draining (D:10)
  2 ogres
  2 centaurs
  A big kobold (D:8)
  A bullfrog (D:10)
  A water moccasin zombie (D:10)
  A water moccasin skeleton (D:9)
  4 scorpions
  3 killer bees (D:7)
  A wight (D:6)
  2 howler monkeys (D:9)
  2 crimson imps
  A bullfrog zombie (D:9)
  A quasit (D:7)
  A centaur skeleton (D:6)
  3 orc wizards
  Crazy Yiuf (D:4)
  4 orc priests
  A jelly (D:5)
  A bullfrog skeleton (D:4)
  A gnoll shaman (D:7)
  2 iguanas
  7 worker ants
  A statue (D:9)
  A hound skeleton (D:4)
  Robin (D:3)
  7 adders
  4 gnolls (D:7)
  2 shadow imps
  An ooze (D:1)
  2 adder skeletons
  2 worms
  4 dart slugs
  3 leopard geckos (D:1)
  25 orcs
  A ball python (D:3)
  11 bats
  4 giant cockroaches (D:1)
  12 hobgoblins
  8 jackals
  6 kobolds
  7 quokkas
  8 frilled lizards
  15 goblins
  2 quokka skeletons
  A quokka zombie (D:5)
  13 rats
189 creatures vanquished.

Notes
Turn   | Place    | Note
-------+----------+-------------------------------------------
     0 | D:1      | sagitran the Human Wanderer began the quest for the Orb.
     0 | D:1      | sagitran set off with the following items: a +2 hand axe, a
                  | +0 ring mail, a potion of lignification, a ration
     0 | D:1      | Reached XP level 1. HP: 18/18 MP: 1/1
    79 | D:1      | Reached XP level 2. HP: 24/24 MP: 2/2
   243 | D:1      | Reached XP level 3. HP: 28/29 MP: 3/3
   765 | D:2      | Found a glowing golden altar of the Shining One.
   774 | D:2      | Found a bloodstained altar of Trog.
   793 | D:2      | Found an iron altar of Okawaru.
   859 | D:2      | Reached XP level 4. HP: 29/35 MP: 4/4
   890 | D:2      | Found a blossoming altar of Fedhas.
   895 | D:2      | Reached skill level 1 in Armour
   903 | D:2      | Reached skill level 1 in Dodging
   978 | D:2      | Found a glowing silver altar of Zin.
  1280 | D:3      | Reached skill level 6 in Axes
  1312 | D:3      | Noticed Robin
  1469 | D:2      | Reached XP level 5. HP: 32/41 MP: 2/5
  1521 | D:3      | Killed Robin
  2106 | D:4      | Reached XP level 6. HP: 43/48 MP: 6/6
  2122 | D:4      | Found Heapsikh's Antique Weapon Boutique.
  2126 | D:4      | Bought a runed hand axe for 156 gold pieces
  2139 | D:4      | Noticed an ogre
  2158 | D:3      | Learned a level 2 spell: Searing Ray
  2399 | D:5      | Entered Level 5 of the Dungeon
  2429 | D:4      | Got a polished chain mail
  2441 | D:4      | Identified the cursed +0 chain mail "Jifeib" {Str+4} (You
                  | found it on level 4 of the Dungeon)
  2534 | D:5      | Noticed an ice beast
  2718 | D:4      | Killed an ogre
  2718 | D:4      | Reached skill level 7 in Axes
  2718 | D:4      | Reached XP level 7. HP: 43/53 MP: 5/7
  2901 | D:4      | Found a runed translucent door.
  2902 | D:4      | Noticed Crazy Yiuf
  3243 | D:4      | Killed Crazy Yiuf
  3404 | D:5      | Reached XP level 8. HP: 51/60 MP: 8/8
  3431 | D:5      | Gained mutation: You occasionally shout uncontrollably at
                  | your foes. [potion of mutation]
  3431 | D:5      | Gained mutation: Scrolls take you a little longer to read.
                  | [potion of mutation]
  3431 | D:5      | Gained mutation: You have a pair of small horns on your
                  | head. [potion of mutation]
  3637 | D:5      | Reached skill level 8 in Axes
  4048 | D:6      | Found a staircase to the Ecumenical Temple.
  4057 | Temple   | Entered the Ecumenical Temple
  4171 | Temple   | Became a worshipper of Xom of Chaos
  4258 | D:6      | XOM: mild Chrm miscast
  4343 | D:7      | XOM: 2-stop teleportation journey
  4514 | D:7      | Reached skill level 5 in Armour
  4562 | D:7      | XOM: fog
  4569 | D:7      | XOM: confuse monster(s)
  4569 | D:7      | Reached skill level 1 in Stealth
  4569 | D:7      | Reached XP level 9. HP: 25/66 MP: 9/9
  4571 | D:7      | Reached skill level 9 in Axes
  4645 | D:9      | Reached skill level 5 in Fighting
  4649 | D:10     | Entered Level 10 of the Dungeon
  4723 | D:10     | XOM: scenery: create altars
  4729 | D:10     | XOM: cleaving
  4757 | D:9      | Noticed Psyche
  4762 | D:9      | XOM: smoke on damage
  4766 | D:9      | Killed Psyche
  4766 | D:9      | Reached skill level 10 in Axes
  4807 | D:9      | XOM: confuse monster(s)
  4853 | D:9      | Found a radiant altar of Vehumet.
  4914 | D:9      | XOM: enchant monster (bad)
  4953 | D:9      | XOM: harmless Summ miscast
  5007 | D:8      | Noticed a rust devil
  5007 | D:8      | Noticed a rust devil
  5007 | D:8      | XOM: polymorph orc warrior -> big kobold
  5014 | D:8      | XOM: mild Tloc miscast
  5017 | D:8      | Reached XP level 10. HP: 67/74 MP: 10/10
  5031 | D:8      | Mangled by an orc warrior

Skill      XL: |  1  2  3  4  5  6  7  8  9 |
---------------+----------------------------+-----
Armour         | 1 2 3 5 6 |  6.3
Dodging        | 1 2 |  2.7
Axes           | 6 7 8 10 | 10.3
Fighting       | 4 5 |  5.5
Stealth        | 1 2 |  2.2
Shields        | 2 |  2.7
Short Blades   | |  0.4
Throwing       | |  1.0

Action                   |  1- 3 |  4- 6 |  7- 9 | 10-12 || total
-------------------------+-------+-------+-------+-------++-------
Melee: Hand axe          |    73 |   176 |   251 |    10 ||   510
       Headbutt          |       |       |    46 |     2 ||    48
       Dagger            |       |       |    52 |       ||    52
Evoke: Wand              |       |       |     2 |       ||     2
  Use: Scroll            |     1 |    14 |    12 |       ||    27
       Potion            |       |     4 |     7 |     2 ||    13
 Stab: Confused          |       |       |     2 |       ||     2
       Invisible         |       |       |     1 |       ||     1
  Eat: Ration            |       |     2 |     2 |       ||     4
Armor: Ring mail         |    22 |   107 |       |       ||   129
       Skin              |       |     8 |       |       ||     8
       Chain mail        |       |     1 |   196 |     3 ||   200
Dodge: Dodged            |    33 |   121 |   106 |     5 ||   265
Block: Large shield      |       |       |    69 |    13 ||    82
